 Dungeon Crawl Stone Soup version 0.26.1-11-gd32895ea62 (webtiles) character file.

Game seed: 16625047689797727118

40 Descartes the Ruffian (level 3, 0/33 HPs)
             Began as a Troll Warper on July 18, 2021.
             Slain by a gnoll
             ... wielding a +0 spear
              (2 damage)
             ... on level 2 of the Dungeon.
             The game lasted 00:02:00 (1165 turns).

Descartes the Ruffian (Troll Warper)                Turns: 1165, Time: 00:02:00

Health: 0/33       AC:  6    Str: 19    XL:     3   Next: 30%
Magic:  3/3        EV: 10    Int: 10    God:
Gold:   66         SH:  0    Dex:  9    Spells: 4/4 levels left

rFire    + . .     SeeInvis .     - Unarmed
rCold    x . .     Faith    .   (no shield)
rNeg     . . .     Spirit   .   a - +0 robe
rPois    .         Reflect  .   h - +0 hat
rElec    .         Harm     .   (no cloak)
rCorr    .         Rampage  .   (gloves unavailable)
Will     .....                  (boots unavailable)
Stlth    +.........             (no amulet)
HPRegen  0.51/turn              f - ring of fire
MPRegen  0.08/turn              (no ring)

@: no status effects
A: large, unfitting armour, claws 3, regeneration 1, shaggy fur 1, tough skin 3
a: no special abilities


You were on level 2 of the Dungeon.
You visited 1 branch of the dungeon, and saw 2 of its levels.

You collected 66 gold pieces.

Inventory:

Missiles
 b - 88 stones
 d - 5 boomerangs of dispersal (quivered)
 j - 7 boomerangs
Armour
 a - a +0 robe (worn)
 h - a +0 hat (worn)
Jewellery
 f - a ring of fire (left claw)
Scrolls
 c - a scroll of blinking
 e - a scroll of random uselessness {unknown}
 g - a scroll of teleportation {unknown}
Potions
 i - 2 potions of heal wounds {unknown}
 k - 4 potions of curing {unknown}
 l - a potion of might {unknown}
 m - a potion of degeneration {unknown}
 n - a potion of attraction {unknown}


   Skills:
 - Level 1.5 Fighting
 - Level 0.8 Throwing
 - Level 1.9 Dodging
 + Level 3.1 Unarmed Combat
 - Level 1.2 Spellcasting
 + Level 2.7 Translocations


You had 4 spell levels left.
You didn't know any spells.
Your spell library contained the following spells:

 Spells                   Type           Power        Failure   Level
 Blink                    Tloc           N/A          17%         2
 Gell's Gravitas          Tloc           3%           32%         3
 Lesser Beckoning         Tloc           3%           32%         3
 Teleport Other           Tloc           6%           32%         3
 Passage of Golubria      Tloc           N/A          73%         4


Dungeon Overview and Level Annotations

Branches:
Dungeon (2/15)

Altars:


Innate Abilities, Weirdness & Mutations

You are too large for most types of armour.
You have claws for hands.
Your natural rate of healing is unusually fast.
You are covered in fur. (AC +1)
You have extremely tough skin. (AC +3)


Message History

The gnoll hits you from afar with a +0 spear.
Found 11 gold pieces.
The gnoll hits you.
You claw the gnoll!
The gnoll is severely wounded.
The gnoll hits you from afar with a +0 spear!
* * * LOW HITPOINT WARNING * * *
The gnoll closely misses you.
You scratch the gnoll.
The gnoll is almost dead.
The gnoll hits you but does no damage. The gnoll closely misses you.
You closely miss the gnoll.
The gnoll is almost dead.
The gnoll hits you from afar with a +0 spear!
* * * LOW HITPOINT WARNING * * *
The gnoll barely misses you.
You barely miss the gnoll.
The gnoll is almost dead.
The gnoll hits you from afar with a +0 spear.
You die...

##≈≈≈≈≈≈≈P≈≈≈≈≈≈≈≈≈
##.≈≈≈≈≈P♣≈≈≈≈≈≈≈≈≈
#...≈♣≈≈≈≈≈≈≈≈≈≈≈
##...♣≈≈≈P♣≈P≈≈≈≈
#.####.##♣♣≈≈≈≈≈≈≈P
#.....g..≈♣≈≈♣P≈≈P
######g#####≈≈≈≈
#g# ### #@# #.# #.#
#.# #.# #.. #.. ...
.... #.#


You could see 3 gnolls.

Vanquished Creatures
  A gnoll (D:2)
  An adder (D:2)
  A worm (D:2)
  A leopard gecko (D:1)
  2 goblins (D:1)
  2 jackals (D:1)
  4 bats (D:1)
  3 frilled lizards (D:2)
  2 kobolds
  3 rats (D:1)
20 creatures vanquished.

Vanquished Creatures (others)
  4 plants (D:2)
4 creatures vanquished.

Grand Total: 24 creatures vanquished

Notes
Turn   | Place    | Note
-------+----------+-------------------------------------------
     0 | D:1      | Descartes the Troll Warper began the quest for the Orb.
     0 | D:1      | Reached XP level 1. HP: 19/19 MP: 1/1
   215 | D:1      | Reached XP level 2. HP: 18/27 MP: 2/2
   888 | D:2      | Reached XP level 3. HP: 30/33 MP: 3/3
  1146 | D:2      | Reached skill level 3 in Unarmed Combat
  1165 | D:2      | Slain by a gnoll

Illustrated notes

Levels and vault maps discovered:
D:1:      doesnt_arrival_eight_statues, layout_basic
D:2:      layout_loops_corners, serial_bayou, serial_bayou_lake_a,
          serial_bayou_shore_b, serial_bayou_shore_b, serial_bayou_shore_b,
          serial_bayou_pond_d, serial_bayou_lagoon_a

Skill      XL: |  1  2  3 |
---------------+----------+-----
Unarmed Combat | 3 |  3.1
Fighting       | |  1.5
Throwing       | |  0.8
Dodging        | |  1.9
Spellcasting   | |  1.2
Translocations | |  2.7

Action                   || total
-------------------------++-------
Melee: Unarmed           ||    77
Armor: Robe              ||    36
Dodge: Dodged            ||    49
